 Dungeon Crawl Stone Soup version 0.17-a0-1731-g129c023 (webtiles) character file.

11 Redz the Caller (level 2, -2/16 HPs)
             Began as a Kobold Summoner on Aug 28, 2015.
             Slain by a hobgoblin
             ... wielding a +0 club
              (7 damage)
             ... on level 1 of the Dungeon on Aug 29, 2015.
             The game lasted 00:07:01 (872 turns).

Redz the Caller (Kobold Summoner)                    Turns: 872, Time: 00:07:01

Health: -2/16      AC:  2    Str:  6    XL:     2   Next: 35%
Magic:  1/5        EV: 15    Int: 13    God:
Gold:   42         SH:  0    Dex: 16    Spells: 2 memorised, 2 levels left

rFire  . . .     SeeInvis .     i - +0 short sword
rCold  . . .     Clarity  .     a - +0 robe
rNeg   . . .     SustAt   .     (shield restricted)
rPois  .         Gourm    .     (no helmet)
rElec  .         Spirit   .     (no cloak)
rCorr  .         Warding  .     (no gloves)
rMut   .         Stasis   .     (no boots)
MR     .....                    (no amulet)
Stlth  +++.......               (no ring)
                                (no ring)

@: not resistant to hostile enchantments, fairly stealthy
A: carnivore 3
a: no special abilities


You were on level 1 of the Dungeon.
You were not hungry.

You visited 1 branch of the dungeon, and saw 1 of its levels.

You collected 42 gold pieces.

Inventory:

Hand weapons
 i - a +0 short sword (weapon)
Armour
 a - a +0 robe (worn)
 h - a +0 helmet
Scrolls
 d - a scroll of magic mapping {unknown}
 g - a scroll of fear {unknown}
Potions
 e - a potion of brilliance {unknown}
 f - a potion of degeneration {unknown}
Books
 b - a book of Callings

   Spells                             Type                      Level
   a - Summon Small Mammal            Summoning                    1
   b - Call Imp                       Summoning                    2
   c - Call Canine Familiar           Summoning                    3
   d - Summon Guardian Golem          Hexes/Summoning              3
   e - Summon Lightning Spire         Summoning/Air                4
   f - Summon Ice Beast               Ice/Summoning                4
Comestibles
 c - a meat ration


   Skills:
 * Level 0.4 Fighting
 + Level 2.4 Dodging
 + Level 2.9 Stealth
 + Level 2.1 Spellcasting
 + Level 4.2 Summonings


You had 2 spell levels left.
You knew the following spells:

 Your Spells              Type           Power        Failure   Level  Hunger
a - Call Imp              Summ           ##......     10%         2    ###....
b - Summon Small Mammal   Summ           ##..         6%          1    ##.....


Dungeon Overview and Level Annotations

Branches:
Dungeon (1/15)

Altars:


Innate Abilities, Weirdness & Mutations

You are small and have problems with some larger weapons.
You are carnivorous and can eat meat at any time.


Message History

The hobgoblin is heavily wounded.
The hobgoblin hits you with a club.
Your crimson imp barely misses the hobgoblin.
You barely miss the hobgoblin.
The hobgoblin is heavily wounded.
The hobgoblin hits you with a club. x2
Your crimson imp hits the hobgoblin but does no damage.
You hit the hobgoblin but do no damage.
The hobgoblin is heavily wounded.
The hobgoblin barely misses your crimson imp.
The hobgoblin barely misses you. The hobgoblin hits you with a club.
Your iron imp hits the hobgoblin.
The hobgoblin dies!
Your crimson imp hits the hobgoblin.
You closely miss the hobgoblin.
The hobgoblin is severely wounded.
The hobgoblin closely misses your crimson imp.
Your crimson imp hits the hobgoblin but does no damage.
The hobgoblin hits you with a club!
You die...

##....# ##..##.#
#....... ######...##..
############............
.....................#.#
##.g....########..รท##..
##...5g5..## ##.##..#
#.....)@...### #.#....
#...............##......
##........#####.......(.
##......## #####.....
####..## #........ ##.#
#...###... #.#
#..#####.. #..# ...#
#....# #...... ##.####


You could see 2 hobgoblins, a friendly iron imp and a friendly crimson imp.

Vanquished Creatures
  A bat (D:1)
  2 giant cockroaches (D:1)
  A hobgoblin (D:1)
  A kobold (D:1)
  A rat (D:1)
6 creatures vanquished.

Vanquished Creatures (collateral kills)
  A hobgoblin (D:1)
  2 kobolds (D:1)
  2 rats (D:1)
5 creatures vanquished.

Grand Total: 11 creatures vanquished

Notes
Turn   | Place    | Note
--------------------------------------------------------------
     0 | D:1      | Redz the Kobold Summoner began the quest for the Orb.
     0 | D:1      | Reached XP level 1. HP: 10/10 MP: 3/3
     0 | D:1      | Upgraded the game from 0.17-a0-1719-g1afd5a1 to 0.17-a0-1731-g129c023
   449 | D:1      | Reached XP level 2. HP: 12/15 MP: 5/5
   529 | D:1      | Learned a level 2 spell: Call Imp
   872 | D:1      | Slain by a hobgoblin

Vault maps used:
D:1:      lightli_arrival_statue_moat

Action                   || total
-------------------------++-------
Melee: Unarmed           ||    63
       Short sword       ||     4
 Cast: Summon Small Mamm ||     9
       Call Imp          ||     2
  Eat: Chunk             ||     4
